 Dungeon Crawl Stone Soup version 0.27.1 (webtiles) character file.

Game seed: 9160915554490689713

46 shadowrider38 the Sneak (level 3, -9/16 HPs)
             Began as a Spriggan Enchanter on Aug 27, 2021.
             Shot with an arrow by a centaur (11 damage)
             ... on level 4 of the Dungeon.
             The game lasted 00:11:08 (3471 turns).

shadowrider38 the Sneak (Spriggan Enchanter)        Turns: 3471, Time: 00:11:08

Health: -9/16      AC:  2    Str:  4    XL:     3   Next: 44%
Magic:  8/8        EV: 17    Int: 16    God:
Gold:   175        SH:  0    Dex: 16    Spells: 1/7 levels left

rFire    . . .     SeeInvis +   a - +1 dagger
rCold    . . .     Faith    .   (shield restricted)
rNeg     . . .     Spirit   .   b - +0 robe
rPois    .         Reflect  .   (helmet restricted)
rElec    .         Harm     .   (no cloak)
rCorr    .         Rampage  .   (gloves unavailable)
Will     .....                  (boots unavailable)
Stlth    +++.......             (no amulet)
HPRegen  0.05/turn              (no ring)
MPRegen  0.11/turn              (no ring)

@: very quick
A: very small, no large weapons, unfitting armour, see invisible, speed 3
a: no special abilities


You were on level 4 of the Dungeon.
You visited 1 branch of the dungeon, and saw 4 of its levels.

You collected 175 gold pieces.

Inventory:

Hand Weapons
 a - a +1 dagger (weapon)
Missiles
 h - 69 stones
Armour
 b - a +0 robe (worn)
Scrolls
 i - a scroll of teleportation
 j - a scroll of magic mapping {unknown}
Potions
 c - 2 potions of attraction {unknown}
 d - a potion of curing {unknown}
 e - a potion of mutation {unknown}
 f - 2 potions of lignification {unknown}
 g - a potion of resistance {unknown}


   Skills:
 - Level 1.1 Short Blades
 - Level 2.6 Dodging
 + Level 5.8 Stealth
 - Level 2.6 Spellcasting
 + Level 4.6 Hexes


You had one spell level left.
You knew the following spells:

 Your Spells              Type           Power      Damage    Failure   Level
a - Corona                Hex            18%        N/A       2%          1
b - Ensorcelled Hibernat  Hex/Ice        18%        N/A       11%         2
c - Confusing Touch       Hex            17%        N/A       9%          3

Your spell library contained the following spells:

 Spells                   Type           Power      Damage    Failure   Level
 Tukima's Dance           Hex            17%        N/A       9%          3
 Dazzling Flash           Conj/Hex       18%        N/A       22%         3
 Ozocubu's Armour         Ice            2%         N/A       50%         3
 Ozocubu's Refrigeration  Ice            1%         4d5       100%        7


Dungeon Overview and Level Annotations

Branches:
Dungeon (4/15)
 Temple: D:4-7

Altars:
Makhleb


Innate Abilities, Weirdness & Mutations

You are very small and have problems with some larger weapons.
You are too small for most types of armour.
You have supernaturally acute eyesight. (SInv)
You cover ground extremely quickly. (Speed+++)


Message History

Memorise Confusing Touch, consuming 3 spell levels and leaving 1?
You start memorising the spell.
You continue memorising. x3
You finish memorising.
Spell assigned to 'c'.
You open the door.
There is an open door here.
You open the door.
A hound skeleton comes into view.
A hound skeleton is nearby!
A hound skeleton is nearby!
A hound skeleton is nearby!
A goblin comes into view. It is wielding a +0 club.
An adder and a centaur come into view.
Found a ring mail.
The centaur shouts!
The adder hisses angrily.
You hit the hound skeleton but do no damage.
The hound skeleton completely misses you.
An adder skeleton comes into view.
The centaur wields a +0 shortbow.
The centaur shoots an arrow.
The arrow hits you!
Ouch! That really hurt!
The centaur shoots an arrow.
The arrow hits you.
* * * LOW HITPOINT WARNING * * *
You hear an angry hiss.
The centaur shoots an arrow.
The arrow barely misses you.
There is an open door here.
You close the door.
You start resting.
There are monsters nearby!
You open the door.
A ball python comes into view.
There is an open door here.
Found 12 gold pieces.
You see here 12 gold pieces.
Found a robe.
The centaur shoots an arrow.
The arrow closely misses you.
Found 14 gold pieces.
The centaur shoots an arrow.
The arrow hits you!
Ouch! That really hurt!
You die...

...................
...................
......S............
....S#'####'#############
.....#..#...............#
....Z#c.#........<......#
.....'..#...............#
.....##############+#####
....ZS...$Z.....@..[....
..........c.............
........................
........................
........................
#+#####+###+########....
$... ...


You could see a centaur and a hound skeleton.

Vanquished Creatures
  An adder (D:2)
  A dart slug (D:2)
  4 ball pythons
  2 endoplasms
  3 giant cockroaches
  2 goblins (D:1)
  3 hobgoblins (D:1)
  4 kobolds
  2 quokkas
  4 bats
  2 frilled lizards
  4 rats
32 creatures vanquished.

Notes
Turn   | Place    | Note
-------+----------+-------------------------------------------
     0 | D:1      | shadowrider38 the Spriggan Enchanter began the quest for
                  | the Orb.
     0 | D:1      | Reached XP level 1. HP: 9/9 MP: 5/5
  1359 | D:1      | Reached skill level 5 in Stealth
  1359 | D:1      | Reached XP level 2. HP: 10/13 MP: 4/6
  1598 | D:1      | Learned a level 2 spell: Ensorcelled Hibernation
  2256 | D:2      | Reached XP level 3. HP: 16/16 MP: 8/8
  3044 | D:3      | Found a burning altar of Makhleb.
  3390 | D:3      | Noticed a necrophage
  3418 | D:4      | Learned a level 3 spell: Confusing Touch
  3442 | D:4      | Noticed a centaur
  3471 | D:4      | Shot with an arrow by a centaur

Illustrated notes

Levels and vault maps discovered:
D:1:      mrwooster_arrival_statue_2, layout_loops_cross
D:2:      layout_rooms, grunt_decor_junction, guppyfry_early_lair_pool
D:3:      layout_basic, demons_altar, fedhas_altar_fruit_tree
D:4:      layout_gridville, serial_park_tiny_pond, minmay_manual_mail

Skill      XL: |  1 |
---------------+----+-----
Hexes          | 4 |  4.6
Stealth        | 5 |  5.8
Short Blades   | |  1.1
Dodging        | |  2.6
Spellcasting   | |  2.6

Action                   || total
-------------------------++-------
Melee: Dagger            ||   103
 Cast: Corona            ||    13
       Ensorcelled Hiber ||    12
  Use: Scroll            ||     1
 Stab: Sleeping          ||    16
Armor: Robe              ||    10
Dodge: Dodged            ||    65
